 Dungeon Crawl Stone Soup version 0.26-a0-597-gb535b0901c (webtiles) character file.

Game seed: 14999765502060724554

1660 hickop the Destroyer (level 8, -4/41 HPs)
             Began as a Deep Elf Conjurer on Sept 15, 2020.
             Was a Believer of Sif Muna.
             Slain by an orc warrior
             ... wielding a +0 mace
              (7 damage)
             ... on level 6 of the Dungeon.
             The game lasted 00:40:20 (8828 turns).

hickop the Destroyer (Deep Elf Conjurer)            Turns: 8828, Time: 00:40:21

Health: -4/41      AC:  3    Str:  4    XL:     8   Next: 68%
Magic:  10/20      EV: 15    Int: 26    God:    Sif Muna [**....]
Gold:   362        SH:  0    Dex: 13    Spells: 9/20 levels left

rFire    . . .     SeeInvis .   z - +0 hunting sling
rCold    . . .     Faith    .   (no shield)
rNeg     . . .     Spirit   .   a - +0 robe
rPois    .         Reflect  .   (no helmet)
rElec    .         Harm     .   (no cloak)
rCorr    .                      p - +0 pair of gloves
MR       .....                  (no boots)
Stlth    +++.......             (no amulet)
HPRegen  0.13/turn              (no ring)
MPRegen  0.17/turn              (no ring)

@: no status effects
A: no striking features
a: Channel Magic, Renounce Religion


You were on level 6 of the Dungeon.
You worshipped Sif Muna.
Sif Muna was pleased with you.
You visited 1 branch of the dungeon, and saw 8 of its levels.

You collected 362 gold pieces.

Inventory:

Hand Weapons
 x - a +1 dagger of draining
 z - a +0 hunting sling (weapon)
Missiles
 j - a throwing net
 A - 223 stones
 B - 14 sling bullets (quivered)
Armour
 a - a +0 robe (worn)
 p - a +0 pair of gloves (worn)
Jewellery
 d - a +4 ring of protection
 n - a +4 ring of evasion
Wands
 w - a wand of flame (18)
Scrolls
 b - 2 scrolls of immolation
 f - a scroll of noise {unknown}
 g - 4 scrolls of remove curse
 l - 2 scrolls of enchant armour
 q - a scroll of amnesia
 r - a scroll of enchant weapon
 u - a scroll of teleportation {unknown}
 v - a scroll of magic mapping
 y - a scroll of fog {unknown}
Potions
 c - a potion of berserk rage
 e - a potion of haste
 h - a potion of brilliance {unknown}
 i - a potion of might {unknown}
 k - 3 potions of heal wounds {unknown}
 m - a potion of magic {unknown}
 o - 3 potions of mutation {unknown}
 s - 3 potions of stabbing {unknown}
 t - 3 potions of curing {unknown}


   Skills:
 - Level 6.0 Dodging
 - Level 5.0 Stealth
 + Level 6.9 Spellcasting
 - Level 8.0 Conjurations
 + Level 1.3 Translocations
 + Level 2.3 Fire Magic
 + Level 1.1 Air Magic
 + Level 2.5 Poison Magic
 + Level 2.4 Invocations
 * Level 2.1 Evocations


You had 9 spell levels left.
You knew the following spells:

 Your Spells              Type           Power        Failure   Level
a - Magic Dart            Conj           ####         1%          1
b - Searing Ray           Conj           ######       1%          2
c - Conjure Flame         Conj/Fire      #####...     2%          3
d - Mephitic Cloud        Conj/Pois/Air  ####....     3%          3
e - Blink                 Tloc           N/A          5%          2

Your spell library contained the following spells:

 Spells                   Type           Power        Failure   Level
 Sting                    Tmut/Pois      ###.         3%          1
 Dazzling Flash           Conj/Hex       ####..       3%          3
 Poisonous Vapours        Pois/Air       ###...       4%          2
 Iskenderun's Mystic Bla  Conj/Tloc      ####....     9%          4
 Call Imp                 Summ           #.......     10%         2
 Slow                     Hex            #.......     10%         2
 Ignite Poison            Fire/Tmut/Pois ###.....     10%         3
 Fulminant Prism          Conj/Hex       ####......   12%         4
 Olgreb's Toxic Radiance  Pois           ###.....     22%         4


Dungeon Overview and Level Annotations

Branches:
Dungeon (8/15)             Temple (0/1) D:5
   Lair: D:8-11

Altars:
Gozag
Kikubaaqudgha
Qazlal
Sif Muna
Xom
The Shining One

Shops:
D:6 *

Annotations:
D:7 exclusion: ufetubus


Message History

The fire begins to smolder!
The orc warrior hits you with a +0 mace!!
Ouch! That really hurt!
The orc warrior smothers the flame.
Casting: Conjure Flame (dangerous; 2% risk of failure)
Confirm with . or Enter, or press ? or * to list all spells.
Aiming: Searing Ray (safe; 1% risk of failure)
Press: ? - help, Shift-Dir - straight line, f - orc warrior
Aim: an orc warrior, wielding a +0 mace and wearing a +0 plate armour The searing ray hits the orc warrior but does no damage. (Press . to maintain the ray.)
The orc warrior hits you with a +0 mace!
* * * LOW HITPOINT WARNING * * *
Casting: Searing Ray (safe; 1% risk of failure)
Confirm with . or Enter, or press ? or * to list all spells.
You blink.
Press: ? - help, v - describe, . - travel The floor.
The orc warrior hits you with a +0 mace!
You die...

#..)......### .........≈..∩..
##.).......##... ..!.....≈.⌠.⌠.
....#............ ....#..≈.....
....#...........#####)..#..≈≈...≈
....#........o..........#...≈._.≈
....#.......................≈...≈
#####.......................≈≈.≈≈
#................o...............
................@................
.................................
#.#........###...................
####.......# #......#............
..##.......# ########.....[......
...........# #########....
...........# ##### ...........#
..##...#####


You could see an orc warrior and an orc wizard.

Vanquished Creatures
  The ghost of Lanoc the Firebug, an amateur DEFE (D:3)
  An orc warrior (D:6)
  4 ogres
  A centaur (D:2)
  3 scorpions
  2 orc priests
  A jelly (D:5)
  A bullfrog skeleton (D:4)
  2 iguanas (D:4)
  8 orc wizards
  4 worker ants
  A hound skeleton (D:4)
  A howler monkey zombie (D:6)
  A worker ant zombie (D:5)
  A howler monkey skeleton (D:5)
  9 gnolls
  9 adders
  A white imp (D:6)
  An ufetubus (D:4)
  5 oozes
  An adder zombie (D:4)
  6 worms
  4 dart slugs
  3 leopard geckos
  23 orcs
  2 giant cockroaches (D:4)
  12 goblins
  3 hobgoblins
  5 jackals
  12 kobolds
  2 quokkas
  6 ball pythons
  8 bats
  3 frilled lizards
  A goblin skeleton (D:6)
  A goblin zombie (D:6)
  2 hobgoblin zombies (D:6)
  A jackal skeleton (D:4)
  3 kobold zombies (D:6)
  2 orc skeletons (D:6)
  10 rats
167 creatures vanquished.

Notes
Turn   | Place    | Note
-------+----------+-------------------------------------------
     0 | D:1      | hickop the Deep Elf Conjurer began the quest for the Orb.
     0 | D:1      | Reached XP level 1. HP: 10/10 MP: 6/6
   287 | D:1      | Reached XP level 2. HP: 15/15 MP: 5/8
   918 | D:1      | Reached XP level 3. HP: 19/19 MP: 4/9
  1239 | D:2      | Noticed a centaur
  1297 | D:2      | Reached skill level 5 in Conjurations
  1301 | D:2      | Learned a level 2 spell: Searing Ray
  1593 | D:2      | Reached XP level 4. HP: 24/24 MP: 2/11
  1978 | D:2      | Reached XP level 5. HP: 18/28 MP: 6/13
  2241 | D:2      | Learned a level 3 spell: Conjure Flame
  2645 | D:2      | Killed a centaur
  2645 | D:2      | Reached skill level 5 in Stealth
  2645 | D:2      | Reached XP level 6. HP: 12/32 MP: 8/15
  3781 | D:3      | Found a faded altar of an unknown god.
  3788 | D:3      | Became a worshipper of Sif Muna the Loreminder
  3788 | D:3      | Reached * piety under Sif Muna
  3894 | D:3      | Reached skill level 5 in Spellcasting
  3929 | D:3      | Reached skill level 6 in Conjurations
  3952 | D:3      | Found a large runed translucent door.
  3953 | D:3      | Found a large runed translucent door.
  3955 | D:3      | Noticed Lanoc's ghost (amateur DEFE)
  4325 | D:3      | Killed Lanoc's ghost
  4530 | D:4      | Reached XP level 7. HP: 36/36 MP: 13/17
  4793 | D:4      | Reached skill level 5 in Dodging
  5158 | D:4      | Reached skill level 7 in Conjurations
  5270 | D:4      | Learned a level 3 spell: Mephitic Cloud
  5450 | D:4      | Reached ** piety under Sif Muna
  6021 | D:5      | Entered Level 5 of the Dungeon
  6045 | D:5      | Found a staircase to the Ecumenical Temple.
  6405 | D:5      | Found a shimmering altar of Xom.
  6425 | D:5      | Reached skill level 1 in Poison Magic
  6428 | D:5      | Reached skill level 1 in Invocations
  6429 | D:5      | Reached skill level 1 in Fire Magic
  6429 | D:5      | Reached XP level 8. HP: 41/41 MP: 4/19
  6977 | D:5      | Found a shimmering blue altar of Sif Muna.
  7013 | D:5      | Found an ancient bone altar of Kikubaaqudgha.
  7208 | D:6      | Learned a level 2 spell: Blink
  7213 | D:6      | You fall into a shaft and drop 2 floors!
  7219 | D:8      | Reached skill level 8 in Conjurations
  7295 | D:8      | Found a stormy altar of Qazlal.
  7358 | D:7      | Got a warped battleaxe
  7728 | D:6      | Reached skill level 1 in Evocations
  7799 | D:6      | Identified the +8 battleaxe "Kiepn" {vorpal, rF+ rC- Int+4}
                  | (You found it on level 7 of the Dungeon)
  7879 | D:6      | Found Gozag's Platinum Reserve.
  7879 | D:6      | Found an opulent altar of Gozag.
  8454 | D:6      | Reached skill level 1 in Translocations
  8454 | D:6      | Reached skill level 1 in Air Magic
  8636 | D:6      | Found a glowing golden altar of the Shining One.
  8828 | D:6      | Slain by an orc warrior

Illustrated notes

Levels and vault maps discovered:
D:1:      kennysheep_arrival_seaside, layout_loops_ring, roderic_roman_lattice,
          hangedman_glass_teeth
D:2:      layout_basic, minmay_pentomino_w4
D:3:      layout_loops_ring, ebering_ghost_disaster_area,
          chequers_ecumenical_altar_simple_redux
D:4:      layout_loops_corners, grunt_decor_resistance
D:5:      layout_loops_corners, xom_butterflies,
          gammafunk_temple_overflow_pools, minmay_temple_entry_glass
D:6:      layout_basic, nicolae_tso_besieged_by_evil, kennysheep_mini_moat,
          nicolae_gozag_zags_fifth_avenue, basic_altar,
          minmay_increasing_density
D:7:      layout_cave_pools
D:8:      layout_gridville, overflow_temple_1_default, old_standard_altar,
          minitemple, gammafunk_ghost_icy

Skill      XL: |  1  2  3  4  5  6  7  8 |
---------------+-------------------------+-----
Stealth        | 3 4 5 |  5.0
Dodging        | 3 4 5 6 |  6.0
Conjurations   | 5 6 7 8 |  8.0
Spellcasting   | 4 5 6 |  6.9
Poison Magic   | 1 2 |  2.5
Invocations    | 1 2 |  2.4
Fire Magic     | 1 2 |  2.3
Evocations     | 2 |  2.1
Translocations | 1 |  1.3
Air Magic      | 1 |  1.1

Action                   |  1- 3 |  4- 6 |  7- 9 || total
-------------------------+-------+-------+-------++-------
 Fire: Hunting sling     |       |       |     1 ||     1
 Cast: Magic Dart        |    71 |    43 |   110 ||   224
       Searing Ray       |     4 |    44 |    44 ||    92
       Conjure Flame     |       |     1 |    10 ||    11
       Blink             |       |       |     2 ||     2
  Use: Scroll            |     5 |     3 |     1 ||     9
       Potion            |       |       |     1 ||     1
Armor: Robe              |     4 |     2 |     2 ||     8
Dodge: Dodged            |     9 |    19 |    35 ||    63

Table legend: (Time is in decaauts)
 A = Elapsed time spent in this place.
 B = Non-inter-level travel time spent in this place.
 C = Inter-level travel time spent in this place.
 D = Time resting spent in this place.
 E = Time spent auto-exploring this place.
 F = Levels seen in this place.
 G = Mean time per level.
                   A        B        C        D        E       F      G
               +--------+--------+--------+--------+--------+-----+--------+
         Total |   8823 |   8342 |    481 |    943 |   6084 |   8 | 1102.9 |
       Dungeon |   8823 |   8342 |    481 |    943 |   6084 |   8 | 1102.9 |
               +--------+--------+--------+--------+--------+-----+--------+

Top non-repeatable levels by time:
     D:4: 2004 daAuts
     D:2: 1996 daAuts
     D:3: 1429 daAuts
     D:5: 1284 daAuts
     D:1: 1277 daAuts
     D:6: 638 daAuts
     D:8: 131 daAuts
     D:7: 60 daAuts
